 Dungeon Crawl Stone Soup version 0.29.1-12-g30fa7ad0bf (webtiles) character file.

Game seed: 14038514195247916784

49 KittyFluff the Trooper (level 3, -2/24 HPs)
             Began as a Gargoyle Berserker on Dec 27, 2022.
             Was a Follower of Trog.
             Slain by a gnoll
             ... wielding a +0 halberd
              (15 damage)
             ... on level 2 of the Dungeon.
             The game lasted 00:03:54 (1484 turns).

KittyFluff the Trooper (Gargoyle Berserker)         Turns: 1484, Time: 00:03:55

Health: -2/24      AC:  5    Str: 22    XL:     3   Next: 75%
Magic:  3/3        EV: 12    Int:  7    God:    Trog [*.....]
Gold:   78         SH:  0    Dex:  9    Spells: 2/2 levels left

rFire   . . .      SeeInvis .   a - +0 mace
rCold   . . .      Faith    .   (no shield)
rNeg    + . .      Spirit   .   b - +0 animal skin
rPois   ∞          Reflect  .   (no helmet)
rElec   +          Harm     .   (no cloak)
rCorr   .          Rampage  .   (no gloves)
Will    .....                   (no boots)
Stlth   +.........              (no amulet)
HPRegen 0.08/turn               (no ring)
MPRegen 0.08/turn               (no ring)

@: no status effects
A: sickness immunity, AC +3, negative energy resistance 1, electricity
resistance, torment resistance 1, petrification resistance
a: Renounce Religion, Berserk


You were on level 2 of the Dungeon.
You worshipped Trog.
Trog was aware of your devotion.
You visited 1 branch of the dungeon, and saw 2 of its levels.

You collected 78 gold pieces.

Inventory:

Hand Weapons
 a - a +0 mace (weapon)
Missiles
 c - 26 stones (quivered)
Armour
 b - a +0 animal skin (worn)
 j - a +3 chain mail
Wands
 i - a wand of roots (2)
Scrolls
 d - a scroll of fear {unknown}
 f - 2 scrolls of identify {unknown}
 g - a scroll of vulnerability {unknown}
Potions
 e - a potion of magic {unknown}
 h - a potion of degeneration {unknown}


   Skills:
 + Level 3.8 Fighting
 + Level 3.7 Maces & Flails
 * Level 2.5 Armour
 + Level 1.9 Dodging
 + Level 0.3 Stealth


You had 2 spell levels left.
You didn't know any spells.
Your spell library was empty.

Dungeon Overview and Level Annotations

Branches:
Dungeon (2/15)

Altars:


Innate Abilities, Weirdness & Mutations

You are immune to sickness and miasma.
Your stone body is resilient. (AC +3)
You are immune to poison.
You resist negative energy. (rN+)
You are resistant to electric shocks. (rElec)
You are resistant to unholy torment.
You are immune to petrification.


Message History

There is a stone staircase leading up here.
The goblin shouts!
A frilled lizard comes into view.
You barely miss the goblin.
The frilled lizard hisses angrily.
The goblin closely misses you. The goblin hits you but does no damage.
You barely miss the goblin. The goblin closely misses you.
The frilled lizard barely misses you.
You hit the goblin.
You kill the goblin!
Trog accepts your kill. The frilled lizard barely misses you.
You hit the frilled lizard but do no damage.
The frilled lizard barely misses you.
You closely miss the frilled lizard. The frilled lizard misses you.
You miss the frilled lizard. The frilled lizard closely misses you.
The frilled lizard barely misses you.
You barely miss the frilled lizard. The frilled lizard barely misses you.
You hit the frilled lizard.
You kill the frilled lizard!
Trog accepts your kill.
i - a wand of roots (2)
Things that are here:
a +3 chain mail; a +0 mace; the human skeleton of Terence
j - a +3 chain mail A gnoll comes into view.
It is wielding a +0 halberd.
The gnoll shouts!
You hear a shout! x2
There is a stone staircase leading up here.
You start waiting.
A gnoll is nearby!
The gnoll misses you. The gnoll hits you with a +0 halberd.
You hit the gnoll.
The gnoll is lightly wounded.
The gnoll hits you with a +0 halberd!
You completely miss the gnoll.
The gnoll is lightly wounded.
The gnoll hits you with a +0 halberd!
Ouch! That really hurt!
You die...

#.......#
#.......##
#........#
#........#
#........#
#........#
##÷÷......#
#.<.......####
##@)..........
######g.).....####
##.................
#.g###.>.....#.###.
#g.##.........#.#
......>.##......# #
......####
###...... ...###
##...### .#. .#.#


You could see a gnoll.

Vanquished Creatures
  Terence (D:2)
  2 dart slugs (D:1)
  2 bats (D:1)
  A giant cockroach (D:1)
  4 goblins
  4 hobgoblins (D:1)
  2 jackals (D:2)
  4 ball pythons (D:1)
  A frilled lizard (D:2)
  2 rats (D:1)
23 creatures vanquished.

Notes
Turn   | Place    | Note
-------+----------+-------------------------------------------
     0 | D:1      | KittyFluff the Gargoyle Berserker began the quest for the
                  | Orb.
     0 | D:1      | Reached XP level 1. HP: 14/14 MP: 1/1
   455 | D:1      | Reached XP level 2. HP: 19/19 MP: 2/2
  1058 | D:2      | Reached XP level 3. HP: 24/24 MP: 3/3
  1065 | D:2      | Noticed Terence
  1176 | D:2      | Killed Terence
  1484 | D:2      | Slain by a gnoll

Illustrated notes

Levels and vault maps discovered:
D:1:      erik_arrival_triangle_small, layout_loops_ring
D:2:      wad_crossroads, layout_rooms, basic_altar, minmay_misc_feat_roman,
          minmay_lizard_pond, uniq_terence

Action                   || total
-------------------------++-------
Melee: Mace              ||    74
Invok: Berserk           ||     1
Armor: Animal skin       ||    15
Dodge: Dodged            ||    52
